 Dungeon Crawl Stone Soup version 0.30-a0-726-gd89dcf765f (webtiles) character file.

Game seed: 5617649525104558579

2538 timneilson the Covered (level 9, -10/54 HPs)
             Began as a Gargoyle Fighter on Jan 29, 2023.
             Mangled by a komodo dragon (17 damage)
             ... on level 5 of the Dungeon.
             The game lasted 00:09:31 (5701 turns).

timneilson the Covered (Gargoyle Fighter)           Turns: 5701, Time: 00:09:32

Health: -10/54     AC: 21    Str: 24    XL:     9   Next: 55%
Magic:  18/18      EV:  9    Int:  4    God:
Gold:   188        SH:  9    Dex:  9    Spells: 8/8 levels left

rFire   + . .      SeeInvis .    e - +7 double sword of Hitausk {elec, rN++ MP+9 Int-5}
rCold   . . .      Faith    .    y - +0 kite shield
rNeg    + + +      Spirit   .    m - +4 scale mail
rPois   ∞          Reflect  .    l - +0 helmet
rElec   +          Harm     .    (no cloak)
rCorr   .          Rampage  .    z - +0 pair of gloves
Will    .....                    (no boots) Stlth
                                 (no amulet)
HPRegen 0.29/turn                C - ring of protection from fire
MPRegen 0.16/turn                (no ring)

@: studying Poison Magic
A: sickness immunity, AC +6, negative energy resistance 1, electricity
resistance, torment resistance 1, petrification resistance
a: no special abilities


You were on level 5 of the Dungeon.
You visited 1 branch of the dungeon, and saw 6 of its levels.
You also visited: Sewer and Ossuary.

You collected 188 gold pieces.

Inventory:

Hand Weapons
 a - a +0 long sword
 e - the +7 double sword of Hitausk (weapon) {elec, rN++ MP+9 Int-5}
   (You acquired it on level 2 of the Dungeon)

   Int:       It affects your intelligence (-5).
   rN:        It greatly protects you from negative energy.
   MP:        It affects your magic capacity (+9).
Missiles
 c - a throwing net (quivered)
Armour
 l - a +0 helmet (worn)
 m - a +4 scale mail (worn)
 y - a +0 kite shield (worn)
 z - a +0 pair of gloves (worn)
Jewellery
 C - a ring of protection from fire (left hand)
Wands
 n - a wand of flame (37)
 s - a wand of roots (11)
Scrolls
 g - 5 scrolls of vulnerability
 i - a scroll of fog
 t - 2 scrolls of teleportation
 A - a scroll of poison
 B - a scroll of butterflies {unknown}
Potions
 b - 2 potions of haste
 d - 2 potions of cancellation
 f - 4 potions of brilliance
 h - a potion of lignification {unknown}
 k - a potion of attraction
 o - 2 potions of degeneration {unknown}
 p - a potion of invisibility {unknown}
 q - 2 potions of might
 r - a potion of flight {unknown}
 u - a potion of heal wounds {unknown}
 v - a potion of berserk rage {unknown}
 w - 2 potions of magic {unknown}
 x - a potion of mutation {unknown}


   Skills:
 + Level 5.6 Fighting
 * Level 5.7 Long Blades
 * Level 7.4 Armour
 + Level 3.2 Dodging
 * Level 7.4 Shields
 + Level 3.2 Evocations


You had 8 spell levels left.
You didn't know any spells.
Your spell library contained the following spells:

 Spells                   Type           Power      Damage    Failure   Level
 Call Canine Familiar     Summ           0%         N/A       100%        3
 Frozen Ramparts          Ice            0%         1d1       100%        3
 Portal Projectile        Hex/Tloc       0%         N/A       100%        3
 Anguish                  Hex/Necr       0%         N/A       100%        4
 Ice Form                 Ice/Tmut       0%         N/A       100%        4
 Leda's Liquefaction      Hex/Erth       0%         N/A       100%        4
 Summon Ice Beast         Ice/Summ       0%         N/A       100%        4
 Enfeeble                 Hex            0%         N/A       100%        7


Dungeon Overview and Level Annotations

Branches:
Dungeon (6/15)              Sewer (visited)         Ossuary (visited)
 Temple: D:4-7

Altars:
Fedhas
Sif Muna
Trog
Uskayaw


Innate Abilities, Weirdness & Mutations

You are immune to sickness and miasma.
Your stone body is resilient. (AC +6)
You are immune to poison.
You resist negative energy. (rN+)
You are resistant to electric shocks. (rElec)
You are resistant to unholy torment.
You are immune to petrification.


Message History

The black bear growls angrily.
The orc hits you but does no damage.
The ice beast hits you but does no damage. x2
There is a stone staircase leading up here.
The komodo dragon barely misses you. The ice beast closely misses you.
You climb upwards.
There is a stone staircase leading down here.
The ice beast attacks as you move away!
The ice beast hits you but does no damage.
The komodo dragon bites you!!
You see here a +0 shortbow.
You completely miss the komodo dragon. You block the komodo dragon's attack.
You hit the komodo dragon.
The komodo dragon is lightly wounded.
You block the komodo dragon's attack. The komodo dragon barely misses you.
You closely miss the komodo dragon.
The komodo dragon is lightly wounded.
The komodo dragon bites you.
You closely miss the komodo dragon.
The komodo dragon is lightly wounded.
The komodo dragon bites you.
You slash the komodo dragon!
The komodo dragon is lightly wounded.
The komodo dragon bites you. You block the komodo dragon's attack.
You barely miss the komodo dragon.
The komodo dragon is lightly wounded.
You block the komodo dragon's attack.
You slash the komodo dragon!
The komodo dragon is heavily wounded.
The komodo dragon completely misses you.
You hit the komodo dragon.
The komodo dragon is heavily wounded.
The komodo dragon bites you but does no damage.
The komodo dragon hisses menacingly.
The komodo dragon bites you!
* * * LOW HITPOINT WARNING * * *
You slash the komodo dragon!
The komodo dragon is almost dead.
The komodo dragon bites you!
You die...

#........# #..
######........# #########.#
#....'........# #.))......#
###.##........###.#########
#.#########.##..# #.#
#.##.## #.# #.##.#
#.#########.)..##########
#.......@lY>.............
###########.#############
#.# # #.# # #)# # #.# # #[#
# #)# # #)# #


You could see a komodo dragon and an ice beast.

Vanquished Creatures
  Eustachio (D:4)
  4 yaks (D:5)
  An orc warrior (D:6)
  3 ogres
  2 centaurs
  A phantom (D:6)
  5 kobold brigands (Sewer)
  A gnoll sergeant (D:5)
  2 necrophages
  A wight (D:4)
  3 hounds
  3 iguanas
  Natasha (thrice) (D:3)
  A mummy (Ossuary)
  Robin (D:3)
  7 adders
  9 gnolls
  4 river rats (D:5)
  2 shadow imps (D:5)
  5 worms
  A dart slug (D:4)
  12 orcs
  3 spectral bats (Ossuary)
  4 ball pythons
  4 bats
  8 endoplasms
  2 giant cockroaches
  12 gnoll zombies (Ossuary)
  15 goblins
  9 hobgoblins
  13 jackals
  2 quokkas
  3 bat simulacra (Ossuary)
  3 frilled lizards
  4 goblin simulacra (Ossuary)
  4 goblin zombies (Ossuary)
  4 hobgoblin zombies (Ossuary)
  A jackal zombie (D:4)
  22 kobolds
  3 kobold simulacra (Ossuary)
  7 kobold zombies
  4 orc zombies (Ossuary)
  7 rats
  2 rat simulacra (Ossuary)
  3 spectral goblins (Ossuary)
  7 spectral kobolds (Ossuary)
  2 spectral rats (Ossuary)
220 creatures vanquished.

Notes
Turn   | Place    | Note
-------+----------+-------------------------------------------
     0 | D:1      | timneilson the Gargoyle Fighter began the quest for the
                  | Orb.
     0 | D:1      | Reached XP level 1. HP: 14/14 MP: 1/1
   103 | D:1      | Reached XP level 2. HP: 19/19 MP: 2/2
   248 | D:1      | Found a faded altar of an unknown god.
   521 | D:1      | You fall into a shaft and drop 1 floor!
   712 | D:2      | Found a shimmering blue altar of Sif Muna.
   890 | D:2      | Reached XP level 3. HP: 14/23 MP: 3/3
  1232 | D:2      | Identified a scroll of acquirement
  1232 | D:2      | Acquired the +7 double sword of Hitausk {elec, rN++ MP+9
                  | Int-5}
  1915 | D:3      | Noticed Natasha
  1918 | D:3      | Killed Natasha
  1919 | D:3      | Reached XP level 4. HP: 28/28 MP: 4/4
  2056 | D:3      | Noticed Robin
  2093 | D:3      | Killed Robin
  2096 | D:3      | Reached skill level 1 in Dodging
  2096 | D:3      | Reached XP level 5. HP: 24/33 MP: 5/5
  2510 | D:3      | Noticed an ogre
  2516 | D:3      | Killed an ogre
  2517 | D:3      | Reached XP level 6. HP: 6/38 MP: 6/6
  2649 | D:3      | Noticed Natasha
  2653 | D:3      | Killed Natasha
  2657 | D:3      | Found a hide-covered altar of Uskayaw.
  2658 | D:3      | Found a blossoming altar of Fedhas.
  2687 | D:3      | Noticed Natasha
  2691 | D:3      | Killed Natasha
  2931 | D:4      | Found a sand-covered staircase.
  2932 | D:4      | Noticed Eustachio
  3030 | D:4      | Killed Eustachio
  3031 | D:4      | Reached skill level 5 in Armour
  3031 | D:4      | Reached skill level 5 in Shields
  3031 | D:4      | Reached skill level 1 in Evocations
  3031 | D:4      | Reached XP level 7. HP: 39/43 MP: 7/7
  3037 | Ossuary  | Entered an ossuary
  4113 | D:5      | Entered Level 5 of the Dungeon
  4219 | D:5      | Reached XP level 8. HP: 48/48 MP: 8/8
  4222 | D:5      | Found a bloodstained altar of Trog.
  4266 | D:5      | Found a glowing drain.
  4270 | Sewer    | Entered a sewer
  4690 | D:5      | Noticed a yak
  4699 | D:5      | Killed a yak
  4700 | D:5      | Reached skill level 5 in Fighting
  4700 | D:5      | Noticed a yak
  4701 | D:5      | Noticed a yak
  4701 | D:5      | Noticed a yak
  4708 | D:5      | Killed a yak
  4709 | D:5      | Reached skill level 5 in Long Blades
  4711 | D:5      | Killed a yak
  4712 | D:5      | Reached XP level 9. HP: 41/54 MP: 9/9
  5392 | D:6      | Noticed a komodo dragon
  5701 | D:5      | Mangled by a komodo dragon

Illustrated notes

Levels and vault maps discovered:
D:1:      minmay_arrival_three_doors, layout_basic,
          chequers_ecumenical_altar_twisty
D:2:      layout_loops_ring, basic_altar, chequers_serial_rivers_room_a
D:3:      layout_basic, minitemple, uniq_natasha, uniq_robin
D:4:      layout_loops_cross, enter_ossuary_3, st_stairs_14, minmay_manual_maat,
          uniq_eustachio
D:5:      layout_basic, mainiacjoe_overflow_concentric_impassable,
          lightli_sewer_entry_pipes
D:6:      cheibrodos_fzero, layout_loops_ring, nicolae_overflow_hidden_temple,
          serial_shops, shop, st_stairs_9, grunt_ministairs_14

Skill      XL: |  1  2  3  4  5  6  7  8  9 |
---------------+----------------------------+-----
Long Blades    | 2 3 4 5 |  5.7
Armour         | 4 5 6 7 |  7.4
Shields        | 4 5 6 7 |  7.4
Dodging        | 1 2 3 |  3.2
Fighting       | 4 5 |  5.6
Evocations     | 1 2 3 |  3.2

Action                     |  1- 3 |  4- 6 |  7- 9 || total
---------------------------+-------+-------+-------++-------
  Melee: Long sword        |    89 |       |       ||    89
         Double sword      |    29 |   181 |   324 ||   534
    Use: Scroll            |     6 |     1 |     7 ||    14
         Potion            |       |     4 |     5 ||     9
 Armour: Scale mail        |    67 |   162 |   178 ||   407
  Dodge: Dodged            |    38 |   120 |   209 ||   367
  Block: Buckler           |    15 |    52 |    78 ||   145
         Kite shield       |       |       |    42 ||    42

Table legend: (Time is in decaauts)
 A = Elapsed time spent in this place.
 B = Non-inter-level travel time spent in this place.
 C = Inter-level travel time spent in this place.
 D = Time resting spent in this place.
 E = Time spent auto-exploring this place.
 F = Levels seen in this place.
 G = Mean time per level.
                   A        B        C        D        E       F      G
               +--------+--------+--------+--------+--------+-----+--------+
         Total |   5963 |   5905 |     58 |    236 |   3996 |   8 |  745.4 |
       Dungeon |   5334 |   5276 |     58 |    236 |   3697 |   6 |  889.0 |
         Sewer |    286 |    286 |      0 |      0 |    161 |   1 |  286.0 |
       Ossuary |    342 |    342 |      0 |      0 |    138 |   1 |  342.0 |
               +--------+--------+--------+--------+--------+-----+--------+

Top non-repeatable levels by time:
     D:5: 1294 daAuts
     D:3: 1124 daAuts
     D:4: 1033 daAuts
     D:1: 953 daAuts
     D:2: 821 daAuts
 Ossuary: 342 daAuts
   Sewer: 286 daAuts
     D:6: 106 daAuts
